PL
OAKLAND OAKS @ DETROIT RENAISSANCE
09/02/2026
 
TOP OF THE 1ST
Oakland Oaks batting - Pitching for Detroit Renaissance : RHP Domingo Ramírez
Pitching: RHP Domingo Ramírez
Batting: LHB Jorge Vargas 0-0: Ball
1-0: SOLO HOME RUN (Flyball, 9LD), Distance : 316 ft
Batting: LHB Todd Henry 0-0: Called Strike
0-1: Foul Ball, location: 2F
0-2: Ball
1-2: Foul Ball, location: 2F
1-2: Ball
2-2: Foul Ball, location: 2F
2-2: Fly out, F9 (Flyball, 9LM)
Batting: LHB Edwin Church 0-0: Ball
1-0: Ball
2-0: SOLO HOME RUN (Flyball, 9D), Distance : 358 ft
Batting: LHB Todd Williams 0-0: Ball
1-0: Ball
2-0: Called Strike
2-1: Called Strike
2-2: Fly out, F9 (Flyball, 9S)
Batting: SHB Luis Luquín 0-0: Ball
1-0: Called Strike
1-1: Ball
2-1: Ball
3-1: Base on Balls
Batting: LHB Mal Wadley 0-0: Ball
1-0: Called Strike
1-1: Fielders Choice at 2nd, U4 (Groundball, 4M)
Top of the 1st over - 2 run(s), 2 hit(s), 0 error(s), 1 left on base; Oakland 2 - Detroit 0
BOTTOM OF THE 1ST
Detroit Renaissance batting - Pitching for Oakland Oaks : RHP José García
Pitching: RHP José García
Batting: LHB Yoichibei Sato 0-0: Ball
1-0: Ground out 4-3 (Groundball, 4)
Batting: RHB Bernardo Herrera 0-0: Swinging Strike
0-1: Called Strike
0-2: Foul Ball, location: 2F
0-2: Strikes out swinging
Batting: SHB Terumoto Kurihara 0-0: Ball
1-0: Fly out, F7 (Flyball, 7D)
Bottom of the 1st over - 0 run(s), 0 hit(s), 0 error(s), 0 left on base; Oakland 2 - Detroit 0
TOP OF THE 2ND
Oakland Oaks batting - Pitching for Detroit Renaissance : RHP Domingo Ramírez
Batting: SHB Orlando Villa 0-0: Called Strike
0-1: Ground out 5-3 (Groundball, 56)
Batting: LHB Jesús Quintanilla 0-0: Ball
1-0: Ball
2-0: Called Strike
2-1: Called Strike
2-2: Foul Ball, location: 2F
2-2: Foul Ball, location: 2F
2-2: Strikes out swinging
Batting: RHB Ricardo Téllez 0-0: Called Strike
0-1: Fly out, F8 (Line Drive, 8LM)
Top of the 2nd over - 0 run(s), 0 hit(s), 0 error(s), 0 left on base; Oakland 2 - Detroit 0
BOTTOM OF THE 2ND
Detroit Renaissance batting - Pitching for Oakland Oaks : RHP José García
Batting: LHB Juan González 0-0: Ball
1-0: Ball
2-0: Swinging Strike
2-1: Ball
3-1: Base on Balls
Batting: LHB Michael Neely 0-0: Ball
Juan González is caught stealing 2nd base
1-0: Foul Ball, location: 2F
1-1: Called Strike
1-2: SINGLE (Line Drive, 4)
Batting: LHB Bartolo Benítez 0-0: Called Strike
0-1: Ball
1-1: Reached on error, E3 (Groundball, 34D)
Michael Neely to third
Batting: LHB Gustavo Cortéz 0-0: Ball
1-0: Ball
2-0: Ball
3-0: Fly out, F7 (Flyball, 78M)
Runner from 3rd tags up, SCORES, throw made
Batting: LHB Greg Robinson 0-0: Called Strike
0-1: Ground out 1-3 (Groundball, 13S)
Bottom of the 2nd over - 1 run(s), 1 hit(s), 1 error(s), 1 left on base; Oakland 2 - Detroit 1
TOP OF THE 3RD
Oakland Oaks batting - Pitching for Detroit Renaissance : RHP Domingo Ramírez
Batting: LHB Jorge Vargas 0-0: Called Strike
0-1: Fly out, F8 (Flyball, 8LM)
Batting: LHB Todd Henry 0-0: Ground out 4-3 (Groundball, 34)
Batting: LHB Edwin Church 0-0: Called Strike
0-1: Called Strike
0-2: Ball
1-2: Ball
2-2: Ground out 4-3 (Groundball, 4D)
Top of the 3rd over - 0 run(s), 0 hit(s), 0 error(s), 0 left on base; Oakland 2 - Detroit 1
BOTTOM OF THE 3RD
Detroit Renaissance batting - Pitching for Oakland Oaks : RHP José García
Batting: RHB Kyle Bywaters 0-0: Ball
1-0: Swinging Strike
1-1: Ground out 5-3 (Groundball, 56)
Batting: LHB Yoichibei Sato 0-0: Ball
1-0: Ball
2-0: Called Strike
2-1: Swinging Strike
2-2: Foul Ball, location: 2F
2-2: Fly out, F9 (Line Drive, 9)
Batting: RHB Bernardo Herrera 0-0: Called Strike
0-1: Ball
1-1: Swinging Strike
1-2: Ball
2-2: Ball
3-2: Base on Balls
Batting: SHB Terumoto Kurihara 0-0: Ball
Bernardo Herrera steals 2nd base
1-0: Called Strike
1-1: Swinging Strike
1-2: Ball
2-2: Fly out, F9 (Flyball, 9S)
Bottom of the 3rd over - 0 run(s), 0 hit(s), 0 error(s), 1 left on base; Oakland 2 - Detroit 1
TOP OF THE 4TH
Oakland Oaks batting - Pitching for Detroit Renaissance : RHP Domingo Ramírez
Batting: LHB Todd Williams 0-0: Swinging Strike
0-1: Swinging Strike
0-2: Ball
1-2: Ball
2-2: Strikes out swinging
Batting: SHB Luis Luquín 0-0: Ball
1-0: Foul Ball, location: 2F
1-1: Swinging Strike
1-2: Ball
2-2: Ground out U3 (Groundball, 34S)
Batting: LHB Mal Wadley 0-0: Ground out 4-3 (Groundball, 34D)
Top of the 4th over - 0 run(s), 0 hit(s), 0 error(s), 0 left on base; Oakland 2 - Detroit 1
BOTTOM OF THE 4TH
Detroit Renaissance batting - Pitching for Oakland Oaks : RHP José García
Batting: LHB Juan González 0-0: Foul Ball, location: 2F
0-1: Called Strike
0-2: Foul Ball, location: 2F
0-2: Ball
1-2: Ground out 4-3 (Groundball, 4S)
Batting: LHB Michael Neely 0-0: Ball
1-0: Called Strike
1-1: Fly out, F9 (Flyball, 89M)
Batting: LHB Bartolo Benítez 0-0: Fly out, F8 (Flyball, 78D)
Bottom of the 4th over - 0 run(s), 0 hit(s), 0 error(s), 0 left on base; Oakland 2 - Detroit 1
TOP OF THE 5TH
Oakland Oaks batting - Pitching for Detroit Renaissance : RHP Domingo Ramírez
Batting: SHB Orlando Villa 0-0: Foul Ball, location: 2F
0-1: Ball
1-1: Ground out 6-3 (Groundball, 6)
Batting: LHB Jesús Quintanilla 0-0: Fly out, F9 (Flyball, 9S)
Batting: RHB Ricardo Téllez 0-0: Fly out, F8 (Line Drive, 8LM)
Top of the 5th over - 0 run(s), 0 hit(s), 0 error(s), 0 left on base; Oakland 2 - Detroit 1
BOTTOM OF THE 5TH
Detroit Renaissance batting - Pitching for Oakland Oaks : RHP José García
Batting: LHB Gustavo Cortéz 0-0: Ball
1-0: Called Strike
1-1: Ground out 4-3 (Groundball, 4M)
Batting: LHB Greg Robinson 0-0: Ball
1-0: Swinging Strike
1-1: Swinging Strike
1-2: Ball
2-2: Strikes out swinging
Batting: RHB Kyle Bywaters 0-0: Ground out 4-3 (Groundball, 4M)
Bottom of the 5th over - 0 run(s), 0 hit(s), 0 error(s), 0 left on base; Oakland 2 - Detroit 1
TOP OF THE 6TH
Oakland Oaks batting - Pitching for Detroit Renaissance : RHP Domingo Ramírez
Batting: LHB Jorge Vargas 0-0: Ball
1-0: Ball
2-0: Foul Ball, location: 2F
2-1: Swinging Strike
2-2: Foul Ball, location: 2F
2-2: Strikes out swinging
Batting: LHB Todd Henry 0-0: Ball
1-0: Swinging Strike
1-1: Called Strike
1-2: Ball
2-2: Foul Ball, location: 2F
2-2: Fly out, F9 (Flyball, 89XD)
Batting: LHB Edwin Church 0-0: Swinging Strike
0-1: Fly out, F4 (Flyball, 4D)
Top of the 6th over - 0 run(s), 0 hit(s), 0 error(s), 0 left on base; Oakland 2 - Detroit 1
BOTTOM OF THE 6TH
Detroit Renaissance batting - Pitching for Oakland Oaks : RHP José García
Batting: LHB Yoichibei Sato 0-0: Ball
1-0: Called Strike
1-1: Called Strike
1-2: Fly out, F8 (Flyball, 89D)
Batting: RHB Bernardo Herrera 0-0: Ball
1-0: Fly out, F8 (Flyball, 89M)
Batting: SHB Terumoto Kurihara 0-0: Ball
1-0: Ball
2-0: Called Strike
2-1: Ground out U3 (Groundball, 3)
Bottom of the 6th over - 0 run(s), 0 hit(s), 0 error(s), 0 left on base; Oakland 2 - Detroit 1
TOP OF THE 7TH
Oakland Oaks batting - Pitching for Detroit Renaissance : RHP Domingo Ramírez
Batting: LHB Todd Williams 0-0: Ball
1-0: Swinging Strike
1-1: Foul Ball, location: 2F
1-2: Ball
2-2: Foul Ball, location: 2F
2-2: Foul Ball, location: 2F
2-2: Strikes out swinging
Batting: SHB Luis Luquín 0-0: Foul Ball, location: 2F
0-1: Ground out 6-3 (Groundball, 6M)
Batting: LHB Mal Wadley 0-0: Ball
1-0: Ball
2-0: Called Strike
2-1: Swinging Strike
2-2: Ground out 4-3 (Groundball, 4)
Top of the 7th over - 0 run(s), 0 hit(s), 0 error(s), 0 left on base; Oakland 2 - Detroit 1
BOTTOM OF THE 7TH
Detroit Renaissance batting - Pitching for Oakland Oaks : RHP José García
Batting: LHB Juan González 0-0: Ball
1-0: Fly out, F8 (Flyball, 8RXD)
Batting: LHB Michael Neely 0-0: Swinging Strike
0-1: Foul Ball, location: 2F
0-2: Ball
1-2: Foul Ball, location: 2F
1-2: Strikes out swinging
Batting: LHB Bartolo Benítez 0-0: Foul Ball, location: 2F
0-1: Called Strike
0-2: Ball
1-2: Ball
2-2: Strikes out swinging
Bottom of the 7th over - 0 run(s), 0 hit(s), 0 error(s), 0 left on base; Oakland 2 - Detroit 1
TOP OF THE 8TH
Oakland Oaks batting - Pitching for Detroit Renaissance : RHP Domingo Ramírez
Batting: SHB Orlando Villa 0-0: Called Strike
0-1: Swinging Strike
0-2: Ball
1-2: Strikes out swinging
Batting: LHB Jesús Quintanilla 0-0: Ball
1-0: Ball
2-0: Ball
3-0: Swinging Strike
3-1: Foul Ball, location: 2F
3-2: Foul Ball, location: 2F
3-2: Foul Ball, location: 2F
3-2: Foul Ball, location: 2F
3-2: Fly out, F7 (Flyball, 78S)
Batting: RHB Ricardo Téllez 0-0: Fly out, F9 (Flyball, 9D)
Top of the 8th over - 0 run(s), 0 hit(s), 0 error(s), 0 left on base; Oakland 2 - Detroit 1
BOTTOM OF THE 8TH
Detroit Renaissance batting - Pitching for Oakland Oaks : RHP José García
Batting: LHB Gustavo Cortéz 0-0: Called Strike
0-1: Foul Ball, location: 2F
0-2: Strikes out looking
Batting: LHB Greg Robinson 0-0: Called Strike
0-1: Ground out 6-3 (Groundball, 4MS)
Batting: RHB Kyle Bywaters 0-0: Ball
1-0: Ball
2-0: Fly out, F7 (Flyball, 78S)
Bottom of the 8th over - 0 run(s), 0 hit(s), 0 error(s), 0 left on base; Oakland 2 - Detroit 1
TOP OF THE 9TH
Oakland Oaks batting - Pitching for Detroit Renaissance : RHP Domingo Ramírez
Batting: LHB Jorge Vargas 0-0: Ball
1-0: Foul Ball, location: 2F
1-1: Ball
2-1: Foul Ball, location: 2F
2-2: Ball
3-2: Foul Ball, location: 2F
3-2: Strikes out looking
Batting: LHB Todd Henry 0-0: Ball
1-0: Ball
2-0: Called Strike
2-1: Ball
3-1: Called Strike
3-2: Strikes out swinging
Batting: LHB Edwin Church 0-0: Ball
1-0: Foul Ball, location: 2F
1-1: Foul Ball, location: 2F
1-2: SINGLE (Line Drive, 56D)
Pitching: LHP Rubén Rodríguez
Pinch Hitting: RHB Joe Phillips 0-0: Called Strike
0-1: Ball
1-1: Called Strike
1-2: Ground out 6-3 (Groundball, 6S)
Top of the 9th over - 0 run(s), 1 hit(s), 0 error(s), 1 left on base; Oakland 2 - Detroit 1
BOTTOM OF THE 9TH
Detroit Renaissance batting - Pitching for Oakland Oaks : RHP José García
Now in LF: Tetsunori Kimura
Batting: LHB Yoichibei Sato 0-0: Ball
1-0: Called Strike
1-1: Called Strike
1-2: Ball
2-2: Foul Ball, location: 2F
2-2: Strikes out swinging
Pitching: RHP José Caballero
Batting: RHB Bernardo Herrera 0-0: Ball
1-0: Ball
2-0: Called Strike
2-1: Called Strike
2-2: Ball
3-2: Strikes out looking
Batting: SHB Terumoto Kurihara 0-0: Swinging Strike
0-1: Foul Ball, location: 2F
0-2: SINGLE (Line Drive, 89S)
Batting: LHB Juan González 0-0: Ball
1-0: Ball
2-0: Swinging Strike
2-1: Called Strike
2-2: Foul Ball, location: 2F
2-2: Ball
3-2: Strikes out swinging
Bottom of the 9th over - 0 run(s), 1 hit(s), 0 error(s), 1 left on base; Oakland 2 - Detroit 1
Monday, March 20th, 2017 - OOTP Baseball 17.12 Build 75